Connexion

COLUMBUS Blue Jackets vs PHILADELPHIA Flyers

Created - 14 avril 2024 at 07:10

Goals
1 2 3 T
COLUMBUS Blue Jackets 1 2 2 5
PHILADELPHIA Flyers 0 1 0 1
Shots
1 2 3 T
COLUMBUS Blue Jackets 5 18 9 32
PHILADELPHIA Flyers 7 5 11 23

GoalsPenalties
1st period
1. COLUMBUS Blue Jackets , Bo Horvat 1 (Yan Gourde 2, Jordan Gross 1) at 6:00
Artturi Lehkonen (CLB) for Slashing (Minor) at 1:21
Will Borgen (CLB) for Cross-checking (Minor) at 12:37
2nd period
2. COLUMBUS Blue Jackets , Sven Baertschi 2 (William Lagesson 2, Yan Gourde 3) at 8:57
3. PHILADELPHIA Flyers , Charlie Coyle 1 (Tomas Tatar 1, T.J. Oshie 1) at 15:01 (PP)
4. COLUMBUS Blue Jackets , Jordan Gross 1 (Dante Fabbro 3, Sven Baertschi 1) at 16:51 (PP)
Austin Czarnik (PHI) for Tripping (Minor) at 4:50
Carson Soucy (CLB) for Tripping (Minor) at 13:09
Seth Jarvis (PHI) for Holding (Minor) at 15:08
3rd period
5. COLUMBUS Blue Jackets , Tyler Johnson 1 (William Lagesson 3, Jack Roslovic 1) at 6:19
6. COLUMBUS Blue Jackets , Sven Baertschi 3 (Yan Gourde 4) at 6:28
Austin Czarnik (PHI) for Hooking (Minor) at 8:42
Pierre-luc Dubois (CLB) for Cross-checking (Minor) at 12:43
Yan Gourde (CLB) for Tripping (Minor) at 17:00
Goalie Stats
Vitek Vanecek (CLB), 22 saves from 23 shots - (0,957), W, 2-1-0, 60:00 minutes
Stuart Skinner (PHI), 27 saves from 32 shots - (0,844), L, 1-2-0, 60:00 minutes
3 StarsOfficial
1 - Sven Baertschi (CLB)
2 - Yan Gourde (CLB)
3 - Jordan Gross (CLB)
Referees : Bill McCreary and Brad Watson
Linesman : Don Henderson and Shane Heyer
Game Note
No Game Note
Finance
Level 1 -- Attendance: 6000 (100,00%) -- Ticket Income $810,000
Level 2 -- Attendance: 6268 (95,88%) -- Ticket Income $501,440
Level 3 -- Attendance: 1729 (86,45%) -- Ticket Income $103,740
Level 4 -- Attendance: 4000 (100,00%) -- Ticket Income $140,000
Luxury Box -- Attendance: 737 (73,70%) -- Ticket Income $280,060
Game was played at the Whells Fargot Center.
Total Attendance: 18734 (95,89%)
Total Ticket Income: $1,835,240
Other Income: $367,048
Total Income: $2,202,288



Team Name Goals Shots Shots Attemp Shots Blocked PIM HIT PP PK FO%
COLUMBUS Blue Jackets 53260610211 / 3 (33%)142%
PHILADELPHIA Flyers 1236366241 / 5 (20%)158%

COLUMBUS Blue Jackets
Player Name POS G A P +/- PIM HIT SHT SB MP PP MP PP SHT PK MP PK SHT FO% FOT
Artturi LehkonenLW/RW0000202014:590:1104:54050% 2
Bo HorvatC1013002116:332:1402:30047% 17
Carson SoucyD0002221120:443:0603:5000% 0
Colin BlackwellC/LW/RW0000012011:340:0001:39018% 11
Dante FabbroD0110014025:202:3525:0400% 0
Jack RoslovicC/RW0111001020:023:2700:000100% 1
John MarinoD0000031024:502:2714:4200% 0
Jordan GrossD1122001016:153:1410:0000% 0
Justin DanforthRW000001106:120:0000:0000% 0
Nick PaulLW000000118:420:0002:30050% 6
Nino NiederreiterLW/RW000001009:550:0000:000100% 1
Pierre-luc DuboisC/LW0001231020:013:2700:00035% 23
Rudolfs BalcersLW/RW000002006:120:0000:000100% 1
Sven BaertschiLW2133004017:302:1403:27063% 8
Tyler JohnsonC/LW/RW1011004019:513:1610:0000% 2
Will BorgenD0002212314:170:0001:1700% 0
William LagessonD0222030018:320:0004:4300% 0
Yan GourdeC/LW/RW0333235018:382:1404:36044% 9
PHILADELPHIA Flyers
Player Name POS G A P +/- PIM HIT SHT SB MP PP MP PP SHT PK MP PK SHT FO% FOT
Adam FoxD0000001124:084:2512:0200% 0
Austin CzarnikC/RW000-2412022:304:4701:23066% 32
Brandon MontourD000-3011122:175:2313:3900% 0
Carl GrundstromRW000001004:420:0000:0000% 0
Charlie CoyleC/RW101-1022019:015:0123:49075% 12
Haydn FleuryD000-1000113:350:0000:0000% 0
Jordan StaalC000-1002013:490:0000:33045% 22
Kasperi KapanenLW/RW000-1002012:170:0002:0600% 2
Matt RoyD000-1000113:350:0000:0000% 0
Oscar KlefbomD000-3063022:175:2323:3900% 0
Pavel BuchnevichLW/RW000-2031121:094:4710:0000% 0
Seth JarvisC/LW/RW000021104:410:0000:00033% 3
T.J. OshieC/LW/RW011-1030018:175:0100:00050% 6
Tim StutzleC/LW000-1012012:280:0002:170100% 1
Tj BrodieD0000001124:084:2512:0200% 0
Tomas TatarLW/RW011-1002019:315:0111:140100% 1
Vincent HinostrozaC/RW000-2053021:094:4720:0000% 0
Zach PariseC/LW000000004:420:0000:00050% 2



Play-by-Play

1st period


0:01 of 1st period - Jack Roslovic wins face-off versus Austin Czarnik in neutral zone.
0:38 of 1st period - Off-side.
0:39 of 1st period - Jordan Staal wins face-off versus Bo Horvat in neutral zone.
0:58 of 1st period - Shot by Yan Gourde.
0:58 of 1st period - Shot Misses the Net.
1:00 of 1st period - Shot by Bo Horvat.
1:00 of 1st period - Stopped by Stuart Skinner with a rebound.
1:02 of 1st period - Shot by Carson Soucy.
1:02 of 1st period - Shot Misses the Net.
1:19 of 1st period - Icing by Oscar Klefbom.
1:20 of 1st period - Jordan Staal wins face-off versus Colin Blackwell in PHILADELPHIA Flyers zone.
1:20 of 1st period - Jordan Staal is hit by Nino Niederreiter.
1:21 of 1st period - Minor Penalty to Artturi Lehkonen for Slashing.
1:22 of 1st period - Austin Czarnik wins face-off versus Yan Gourde in COLUMBUS Blue Jackets zone.
2:24 of 1st period - Yan Gourde is hit by Pavel Buchnevich and loses puck.
2:59 of 1st period - Shot by Tomas Tatar.
2:59 of 1st period - Shot Misses the Net.
4:22 of 1st period - Icing by Tj Brodie.
4:23 of 1st period - Charlie Coyle wins face-off versus Nick Paul in PHILADELPHIA Flyers zone.
4:23 of 1st period - Charlie Coyle is hit by Rudolfs Balcers.
4:55 of 1st period - Shot by Tim Stutzle.
4:55 of 1st period - Stopped by Vitek Vanecek with a rebound.
5:48 of 1st period - Off-side.
5:49 of 1st period - Sven Baertschi wins face-off versus Austin Czarnik in neutral zone.
5:54 of 1st period - Shot by Will Borgen.
5:54 of 1st period - Shot Misses the Net.
5:56 of 1st period - Shot by Jordan Gross.
5:56 of 1st period - Shot Misses the Net.
6:00 of 1st period - Shot by Yan Gourde.
6:00 of 1st period - Deflect By Bo Horvat.
6:00 of 1st period - Goal by Bo Horvat - COLUMBUS Blue Jackets : 1 - PHILADELPHIA Flyers : 0.
6:01 of 1st period - Tomas Tatar wins face-off versus Pierre-luc Dubois in neutral zone.
6:34 of 1st period - Icing by Jack Roslovic.
6:35 of 1st period - Austin Czarnik wins face-off versus Pierre-luc Dubois in COLUMBUS Blue Jackets zone.
6:49 of 1st period - Icing by Jordan Gross.
6:50 of 1st period - Pierre-luc Dubois wins face-off versus Zach Parise in COLUMBUS Blue Jackets zone.
6:50 of 1st period - Pierre-luc Dubois is hit by Seth Jarvis.
7:05 of 1st period - Icing by Jordan Gross.
7:06 of 1st period - Austin Czarnik wins face-off versus Tyler Johnson in COLUMBUS Blue Jackets zone.
7:37 of 1st period - Shot by Bo Horvat.
7:37 of 1st period - Shot Blocked by Pavel Buchnevich.
8:03 of 1st period - Shot by Yan Gourde.
8:03 of 1st period - Stopped by Stuart Skinner with a rebound.
8:05 of 1st period - Shot by Yan Gourde.
8:05 of 1st period - Deflect By Bo Horvat.
8:05 of 1st period - Shot Misses the Net.
8:16 of 1st period - Pavel Buchnevich is hit by Colin Blackwell and loses puck.
9:29 of 1st period - Icing by Nick Paul.
9:30 of 1st period - Jordan Staal wins face-off versus Nick Paul in COLUMBUS Blue Jackets zone.
9:31 of 1st period - Shot by Tomas Tatar.
9:31 of 1st period - Shot Misses the Net.
10:01 of 1st period - Tomas Tatar is hit by Rudolfs Balcers and loses puck.
10:15 of 1st period - Off-side.
10:16 of 1st period - Charlie Coyle wins face-off versus Bo Horvat in neutral zone.
10:19 of 1st period - Dante Fabbro is hit by Tim Stutzle and loses puck.
10:33 of 1st period - Icing by Tj Brodie.
10:34 of 1st period - Pierre-luc Dubois wins face-off versus Charlie Coyle in PHILADELPHIA Flyers zone.
10:39 of 1st period - Shot by Jack Roslovic.
10:39 of 1st period - Shot Misses the Net.
10:41 of 1st period - Shot by Tyler Johnson.
10:41 of 1st period - Shot Misses the Net.
10:43 of 1st period - Shot by William Lagesson.
10:43 of 1st period - Shot Blocked by Adam Fox.
10:55 of 1st period - Shot by Tyler Johnson.
10:55 of 1st period - Shot Misses the Net.
11:00 of 1st period - Charlie Coyle is hit by William Lagesson and loses puck.
11:26 of 1st period - Kasperi Kapanen is hit by Carson Soucy and loses puck.
11:52 of 1st period - Icing by Yan Gourde.
11:53 of 1st period - Bo Horvat wins face-off versus Jordan Staal in COLUMBUS Blue Jackets zone.
12:36 of 1st period - Shot by Tomas Tatar.
12:36 of 1st period - Stopped by Vitek Vanecek without a rebound.
12:37 of 1st period - Zach Parise wins face-off versus Colin Blackwell in COLUMBUS Blue Jackets zone.
12:37 of 1st period - Minor Penalty to Will Borgen for Cross-checking.
12:38 of 1st period - Austin Czarnik wins face-off versus Yan Gourde in COLUMBUS Blue Jackets zone.
12:43 of 1st period - Shot by Vincent Hinostroza.
12:43 of 1st period - Stopped by Vitek Vanecek without a rebound.
12:44 of 1st period - Yan Gourde wins face-off versus Austin Czarnik in COLUMBUS Blue Jackets zone.
13:09 of 1st period - Shot by Vincent Hinostroza.
13:09 of 1st period - Shot Hit the Post.
13:11 of 1st period - Shot by Pavel Buchnevich.
13:11 of 1st period - Shot Misses the Net.
13:31 of 1st period - John Marino is hit by T.J. Oshie and loses puck.
13:40 of 1st period - Shot by Tomas Tatar.
13:40 of 1st period - Stopped by Vitek Vanecek with a rebound.
13:42 of 1st period - Shot by Charlie Coyle.
13:42 of 1st period - Stopped by Vitek Vanecek without a rebound.
13:43 of 1st period - Bo Horvat wins face-off versus T.J. Oshie in COLUMBUS Blue Jackets zone.
13:57 of 1st period - Brandon Montour is hit by William Lagesson and loses puck.
16:03 of 1st period - Icing by Vincent Hinostroza.
16:04 of 1st period - Austin Czarnik wins face-off versus Colin Blackwell in PHILADELPHIA Flyers zone.
16:13 of 1st period - Shot by Colin Blackwell.
16:13 of 1st period - Stopped by Stuart Skinner without a rebound.
16:14 of 1st period - Bo Horvat wins face-off versus Jordan Staal in PHILADELPHIA Flyers zone.
16:58 of 1st period - T.J. Oshie is hit by Dante Fabbro and loses puck.
17:09 of 1st period - Shot by Kasperi Kapanen.
17:09 of 1st period - Deflect By Tim Stutzle.
17:09 of 1st period - Shot Misses the Net.
17:24 of 1st period - Kasperi Kapanen is hit by John Marino and loses puck.
17:27 of 1st period - Shot by Kasperi Kapanen.
17:27 of 1st period - Stopped by Vitek Vanecek without a rebound.
17:28 of 1st period - Austin Czarnik wins face-off versus Pierre-luc Dubois in COLUMBUS Blue Jackets zone.
18:53 of 1st period - Shot by Tim Stutzle.
18:53 of 1st period - Stopped by Vitek Vanecek without a rebound.
18:54 of 1st period - Rudolfs Balcers wins face-off versus Jordan Staal in COLUMBUS Blue Jackets zone.
18:59 of 1st period - Haydn Fleury is hit by Justin Danforth and loses puck.
19:27 of 1st period - Icing by Matt Roy.
19:28 of 1st period - Jordan Staal wins face-off versus Colin Blackwell in PHILADELPHIA Flyers zone.
19:36 of 1st period - Icing by Jordan Gross.
19:37 of 1st period - Nino Niederreiter wins face-off versus Austin Czarnik in COLUMBUS Blue Jackets zone.
19:53 of 1st period - Shot by Jordan Gross.
19:53 of 1st period - Shot Misses the Net.
19:55 of 1st period - Shot by Artturi Lehkonen.
19:55 of 1st period - Stopped by Stuart Skinner without a rebound.
19:56 of 1st period - Charlie Coyle wins face-off versus Tyler Johnson in PHILADELPHIA Flyers zone.
Goals for this period are 1 for COLUMBUS Blue Jackets vs 0 for PHILADELPHIA Flyers.
Shots for this period are 5 for COLUMBUS Blue Jackets vs 7 for PHILADELPHIA Flyers.

2nd period


0:01 of 2nd period - Austin Czarnik wins face-off versus Bo Horvat in neutral zone.
0:04 of 2nd period - John Marino is hit by Austin Czarnik and loses puck.
0:17 of 2nd period - Shot by Sven Baertschi.
0:17 of 2nd period - Shot Misses the Net.
0:19 of 2nd period - Shot by Dante Fabbro.
0:19 of 2nd period - Shot Misses the Net.
0:21 of 2nd period - Shot by Sven Baertschi.
0:21 of 2nd period - Shot Misses the Net.
0:31 of 2nd period - Shot by Yan Gourde.
0:31 of 2nd period - Shot Misses the Net.
0:33 of 2nd period - Shot by Yan Gourde.
0:33 of 2nd period - Stopped by Stuart Skinner with a rebound.
0:35 of 2nd period - Shot by Sven Baertschi.
0:35 of 2nd period - Shot Misses the Net.
0:55 of 2nd period - Jack Roslovic is hit by Pavel Buchnevich and loses puck.
1:20 of 2nd period - Shot by Jordan Staal.
1:20 of 2nd period - Shot Misses the Net.
1:22 of 2nd period - Shot by Oscar Klefbom.
1:22 of 2nd period - Shot Misses the Net.
1:38 of 2nd period - Shot by Jordan Staal.
1:38 of 2nd period - Stopped by Vitek Vanecek without a rebound.
1:39 of 2nd period - Charlie Coyle wins face-off versus Artturi Lehkonen in COLUMBUS Blue Jackets zone.
2:16 of 2nd period - Shot by Colin Blackwell.
2:16 of 2nd period - Shot Misses the Net.
2:18 of 2nd period - Shot by Will Borgen.
2:18 of 2nd period - Stopped by Stuart Skinner without a rebound.
2:19 of 2nd period - Bo Horvat wins face-off versus Jordan Staal in PHILADELPHIA Flyers zone.
2:27 of 2nd period - Icing by T.J. Oshie.
2:28 of 2nd period - Bo Horvat wins face-off versus Jordan Staal in PHILADELPHIA Flyers zone.
2:37 of 2nd period - Shot by Yan Gourde.
2:37 of 2nd period - Shot Misses the Net.
2:45 of 2nd period - Shot by Sven Baertschi.
2:45 of 2nd period - Stopped by Stuart Skinner without a rebound.
2:46 of 2nd period - Austin Czarnik wins face-off versus Pierre-luc Dubois in PHILADELPHIA Flyers zone.
3:18 of 2nd period - Shot by Jack Roslovic.
3:18 of 2nd period - Stopped by Stuart Skinner without a rebound.
3:19 of 2nd period - Jordan Staal wins face-off versus Bo Horvat in PHILADELPHIA Flyers zone.
3:19 of 2nd period - Brandon Montour is hit by Yan Gourde and loses puck.
3:30 of 2nd period - Shot by Bo Horvat.
3:30 of 2nd period - Deflect By Yan Gourde.
3:30 of 2nd period - Stopped by Stuart Skinner without a rebound.
3:31 of 2nd period - Charlie Coyle wins face-off versus Colin Blackwell in PHILADELPHIA Flyers zone.
4:25 of 2nd period - Icing by Dante Fabbro.
4:26 of 2nd period - Austin Czarnik wins face-off versus Colin Blackwell in COLUMBUS Blue Jackets zone.
4:26 of 2nd period - Adam Fox is hit by John Marino and loses puck.
4:36 of 2nd period - John Marino is hit by Vincent Hinostroza and loses puck.
4:50 of 2nd period - Minor Penalty to Austin Czarnik for Tripping.
4:51 of 2nd period - Pierre-luc Dubois wins face-off versus Kasperi Kapanen in PHILADELPHIA Flyers zone.
5:29 of 2nd period - Shot by Tyler Johnson.
5:29 of 2nd period - Stopped by Stuart Skinner without a rebound.
5:30 of 2nd period - Tim Stutzle wins face-off versus Bo Horvat in PHILADELPHIA Flyers zone.
6:41 of 2nd period - Shot by Dante Fabbro.
6:41 of 2nd period - Shot Misses the Net.
6:43 of 2nd period - Shot by Dante Fabbro.
6:43 of 2nd period - Stopped by Stuart Skinner without a rebound.
6:44 of 2nd period - Jordan Staal wins face-off versus Bo Horvat in PHILADELPHIA Flyers zone.
7:04 of 2nd period - Icing by Haydn Fleury.
7:05 of 2nd period - Austin Czarnik wins face-off versus Nick Paul in PHILADELPHIA Flyers zone.
7:10 of 2nd period - Jordan Gross is hit by Vincent Hinostroza and loses puck.
7:19 of 2nd period - Shot by Nick Paul.
7:19 of 2nd period - Stopped by Stuart Skinner with a rebound.
7:21 of 2nd period - Shot by Justin Danforth.
7:21 of 2nd period - Shot Blocked by Haydn Fleury.
7:33 of 2nd period - Shot by Justin Danforth.
7:33 of 2nd period - Shot Misses the Net.
7:35 of 2nd period - Shot by Will Borgen.
7:35 of 2nd period - Stopped by Stuart Skinner without a rebound.
7:36 of 2nd period - Jordan Staal wins face-off versus Pierre-luc Dubois in PHILADELPHIA Flyers zone.
8:53 of 2nd period - Shot by Yan Gourde.
8:53 of 2nd period - Stopped by Stuart Skinner with a rebound.
8:55 of 2nd period - Shot by William Lagesson.
8:55 of 2nd period - Shot Blocked by Brandon Montour.
8:57 of 2nd period - Shot by Sven Baertschi.
8:57 of 2nd period - Goal by Sven Baertschi - COLUMBUS Blue Jackets : 2 - PHILADELPHIA Flyers : 0.
8:58 of 2nd period - Charlie Coyle wins face-off versus Colin Blackwell in neutral zone.
9:03 of 2nd period - Shot by Kasperi Kapanen.
9:03 of 2nd period - Stopped by Vitek Vanecek with a rebound.
9:27 of 2nd period - Shot by Kasperi Kapanen.
9:27 of 2nd period - Shot Misses the Net.
9:29 of 2nd period - Shot by Matt Roy.
9:29 of 2nd period - Shot Blocked by Will Borgen.
9:31 of 2nd period - Shot by Kasperi Kapanen.
9:31 of 2nd period - Deflect By Charlie Coyle.
9:31 of 2nd period - Shot Misses the Net.
9:33 of 2nd period - Shot by Tim Stutzle.
9:33 of 2nd period - Shot Blocked by Will Borgen.
10:39 of 2nd period - Pierre-luc Dubois is hit by Oscar Klefbom.
11:55 of 2nd period - Shot by Rudolfs Balcers.
11:55 of 2nd period - Deflect By Nick Paul.
11:55 of 2nd period - Shot Misses the Net.
12:13 of 2nd period - Shot by Justin Danforth.
12:13 of 2nd period - Shot Misses the Net.
12:30 of 2nd period - Nino Niederreiter is hit by Carl Grundstrom and loses puck.
12:40 of 2nd period - John Marino is hit by Oscar Klefbom and loses puck.
12:53 of 2nd period - Shot by Colin Blackwell.
12:53 of 2nd period - Shot Misses the Net.
12:55 of 2nd period - Shot by Dante Fabbro.
12:55 of 2nd period - Stopped by Stuart Skinner with a rebound.
12:57 of 2nd period - Shot by Artturi Lehkonen.
12:57 of 2nd period - Stopped by Stuart Skinner without a rebound.
12:58 of 2nd period - Austin Czarnik wins face-off versus Pierre-luc Dubois in PHILADELPHIA Flyers zone.
13:05 of 2nd period - Pierre-luc Dubois is hit by Vincent Hinostroza and loses puck.
13:09 of 2nd period - Minor Penalty to Carson Soucy for Tripping.
13:10 of 2nd period - Yan Gourde wins face-off versus Austin Czarnik in COLUMBUS Blue Jackets zone.
13:47 of 2nd period - Icing by Oscar Klefbom.
13:48 of 2nd period - Austin Czarnik wins face-off versus Yan Gourde in PHILADELPHIA Flyers zone.
14:27 of 2nd period - Shot by Adam Fox.
14:27 of 2nd period - Shot Blocked by Bo Horvat.
14:29 of 2nd period - Shot by Tj Brodie.
14:29 of 2nd period - Shot Misses the Net.
14:31 of 2nd period - Shot by Adam Fox.
14:31 of 2nd period - Shot Misses the Net.
14:33 of 2nd period - Shot by Adam Fox.
14:33 of 2nd period - Shot Misses the Net.
14:35 of 2nd period - Shot by Adam Fox.
14:35 of 2nd period - Stopped by Vitek Vanecek without a rebound.
14:36 of 2nd period - T.J. Oshie wins face-off versus Yan Gourde in COLUMBUS Blue Jackets zone.
14:39 of 2nd period - Shot by T.J. Oshie.
14:39 of 2nd period - Shot Misses the Net.
14:41 of 2nd period - Shot by Charlie Coyle.
14:41 of 2nd period - Shot Misses the Net.
14:57 of 2nd period - Shot by Tomas Tatar.
14:57 of 2nd period - Shot Misses the Net.
14:59 of 2nd period - Shot by Tomas Tatar.
14:59 of 2nd period - Shot Misses the Net.
15:01 of 2nd period - Shot by Charlie Coyle.
15:01 of 2nd period - Goal by Charlie Coyle - COLUMBUS Blue Jackets : 2 - PHILADELPHIA Flyers : 1.
15:02 of 2nd period - Seth Jarvis wins face-off versus Pierre-luc Dubois in neutral zone.
15:08 of 2nd period - Minor Penalty to Seth Jarvis for Holding.
15:09 of 2nd period - Austin Czarnik wins face-off versus Pierre-luc Dubois in PHILADELPHIA Flyers zone.
15:18 of 2nd period - Shot by John Marino.
15:18 of 2nd period - Stopped by Stuart Skinner without a rebound.
15:19 of 2nd period - Austin Czarnik wins face-off versus Pierre-luc Dubois in PHILADELPHIA Flyers zone.
15:19 of 2nd period - Austin Czarnik is hit by Pierre-luc Dubois.
16:28 of 2nd period - Bo Horvat is hit by Oscar Klefbom and loses puck.
16:42 of 2nd period - Bo Horvat is hit by Oscar Klefbom and loses puck.
16:49 of 2nd period - Shot by Dante Fabbro.
16:49 of 2nd period - Stopped by Stuart Skinner with a rebound.
16:51 of 2nd period - Shot by Jordan Gross.
16:51 of 2nd period - Goal by Jordan Gross - COLUMBUS Blue Jackets : 3 - PHILADELPHIA Flyers : 1.
16:52 of 2nd period - Colin Blackwell wins face-off versus Jordan Staal in neutral zone.
16:59 of 2nd period - Shot by Colin Blackwell.
16:59 of 2nd period - Shot Blocked by Matt Roy.
17:01 of 2nd period - Shot by Carson Soucy.
17:01 of 2nd period - Stopped by Stuart Skinner without a rebound.
17:02 of 2nd period - Nick Paul wins face-off versus Seth Jarvis in PHILADELPHIA Flyers zone.
17:33 of 2nd period - Shot by Seth Jarvis.
17:33 of 2nd period - Stopped by Vitek Vanecek without a rebound.
17:34 of 2nd period - Pierre-luc Dubois wins face-off versus Jordan Staal in COLUMBUS Blue Jackets zone.
17:40 of 2nd period - Jack Roslovic is hit by Brandon Montour and loses puck.
17:51 of 2nd period - Shot by Tomas Tatar.
17:51 of 2nd period - Shot Misses the Net.
18:29 of 2nd period - Oscar Klefbom is hit by William Lagesson and loses puck.
19:00 of 2nd period - Shot by Yan Gourde.
19:00 of 2nd period - Stopped by Stuart Skinner without a rebound.
19:01 of 2nd period - Charlie Coyle wins face-off versus Colin Blackwell in PHILADELPHIA Flyers zone.
19:14 of 2nd period - Shot by Tim Stutzle.
19:14 of 2nd period - Shot Misses the Net.
19:16 of 2nd period - Shot by Haydn Fleury.
19:16 of 2nd period - Deflect By Tim Stutzle.
19:16 of 2nd period - Shot Misses the Net.
19:36 of 2nd period - Shot by Kasperi Kapanen.
19:36 of 2nd period - Shot Misses the Net.
19:38 of 2nd period - Shot by Tim Stutzle.
19:38 of 2nd period - Deflect By Charlie Coyle.
19:38 of 2nd period - Shot Misses the Net.
19:40 of 2nd period - Shot by Tim Stutzle.
19:40 of 2nd period - Shot Misses the Net.
19:44 of 2nd period - Shot by Kasperi Kapanen.
19:44 of 2nd period - Shot Blocked by Will Borgen.
Goals for this period are 2 for COLUMBUS Blue Jackets vs 1 for PHILADELPHIA Flyers.
Shots for this period are 18 for COLUMBUS Blue Jackets vs 5 for PHILADELPHIA Flyers.

3rd period


0:01 of 3rd period - Austin Czarnik wins face-off versus Pierre-luc Dubois in neutral zone.
0:12 of 3rd period - Shot by Tyler Johnson.
0:12 of 3rd period - Stopped by Stuart Skinner without a rebound.
0:13 of 3rd period - Bo Horvat wins face-off versus Jordan Staal in PHILADELPHIA Flyers zone.
0:30 of 3rd period - Shot by Tomas Tatar.
0:30 of 3rd period - Shot Misses the Net.
0:32 of 3rd period - Shot by Oscar Klefbom.
0:32 of 3rd period - Stopped by Vitek Vanecek without a rebound.
0:33 of 3rd period - Austin Czarnik wins face-off versus Pierre-luc Dubois in COLUMBUS Blue Jackets zone.
0:46 of 3rd period - Shot by Tyler Johnson.
0:46 of 3rd period - Shot Misses the Net.
2:29 of 3rd period - Charlie Coyle is hit by Yan Gourde and loses puck.
2:45 of 3rd period - Matt Roy is hit by Yan Gourde.
3:21 of 3rd period - Shot by Colin Blackwell.
3:21 of 3rd period - Stopped by Stuart Skinner without a rebound.
3:22 of 3rd period - Austin Czarnik wins face-off versus Pierre-luc Dubois in PHILADELPHIA Flyers zone.
3:57 of 3rd period - Shot by Tyler Johnson.
3:57 of 3rd period - Deflect By Pierre-luc Dubois.
3:57 of 3rd period - Shot Blocked by Tj Brodie.
3:59 of 3rd period - Shot by Dante Fabbro.
3:59 of 3rd period - Stopped by Stuart Skinner without a rebound.
4:00 of 3rd period - Colin Blackwell wins face-off versus Jordan Staal in PHILADELPHIA Flyers zone.
4:00 of 3rd period - Will Borgen is hit by Oscar Klefbom and loses puck.
4:17 of 3rd period - Shot by T.J. Oshie.
4:17 of 3rd period - Deflect By Jordan Staal.
4:17 of 3rd period - Stopped by Vitek Vanecek without a rebound.
4:18 of 3rd period - Nick Paul wins face-off versus Seth Jarvis in COLUMBUS Blue Jackets zone.
5:17 of 3rd period - Shot by Vincent Hinostroza.
5:17 of 3rd period - Stopped by Vitek Vanecek with a rebound.
5:19 of 3rd period - Shot by Austin Czarnik.
5:19 of 3rd period - Shot Blocked by Nick Paul.
5:21 of 3rd period - Shot by Vincent Hinostroza.
5:21 of 3rd period - Shot Misses the Net.
5:55 of 3rd period - Icing by Pierre-luc Dubois.
5:56 of 3rd period - Pierre-luc Dubois wins face-off versus Jordan Staal in COLUMBUS Blue Jackets zone.
5:58 of 3rd period - Icing by Tyler Johnson.
5:59 of 3rd period - Pierre-luc Dubois wins face-off versus Jordan Staal in COLUMBUS Blue Jackets zone.
6:19 of 3rd period - Shot by Tyler Johnson.
6:19 of 3rd period - Goal by Tyler Johnson - COLUMBUS Blue Jackets : 4 - PHILADELPHIA Flyers : 1.
6:20 of 3rd period - Bo Horvat wins face-off versus Charlie Coyle in neutral zone.
6:28 of 3rd period - Shot by Sven Baertschi.
6:28 of 3rd period - Goal by Sven Baertschi - COLUMBUS Blue Jackets : 5 - PHILADELPHIA Flyers : 1.
6:29 of 3rd period - Austin Czarnik wins face-off versus Bo Horvat in neutral zone.
6:58 of 3rd period - Shot by Sven Baertschi.
6:58 of 3rd period - Stopped by Stuart Skinner without a rebound.
6:59 of 3rd period - Charlie Coyle wins face-off versus Pierre-luc Dubois in PHILADELPHIA Flyers zone.
7:13 of 3rd period - Icing by John Marino.
7:14 of 3rd period - Pierre-luc Dubois wins face-off versus Jordan Staal in COLUMBUS Blue Jackets zone.
7:32 of 3rd period - Icing by Jordan Staal.
7:33 of 3rd period - Jordan Staal wins face-off versus Bo Horvat in PHILADELPHIA Flyers zone.
8:13 of 3rd period - Icing by William Lagesson.
8:14 of 3rd period - Bo Horvat wins face-off versus Austin Czarnik in COLUMBUS Blue Jackets zone.
8:42 of 3rd period - Minor Penalty to Austin Czarnik for Hooking.
8:43 of 3rd period - Pierre-luc Dubois wins face-off versus Kasperi Kapanen in PHILADELPHIA Flyers zone.
8:43 of 3rd period - Tyler Johnson is hit by Oscar Klefbom and loses puck.
9:08 of 3rd period - Adam Fox is hit by Pierre-luc Dubois and loses puck.
10:37 of 3rd period - Icing by Dante Fabbro.
10:38 of 3rd period - Jordan Staal wins face-off versus Pierre-luc Dubois in COLUMBUS Blue Jackets zone.
10:44 of 3rd period - Icing by Rudolfs Balcers.
10:45 of 3rd period - Nick Paul wins face-off versus Austin Czarnik in COLUMBUS Blue Jackets zone.
11:02 of 3rd period - Shot by Justin Danforth.
11:02 of 3rd period - Stopped by Stuart Skinner without a rebound.
11:03 of 3rd period - Jordan Staal wins face-off versus Colin Blackwell in PHILADELPHIA Flyers zone.
11:23 of 3rd period - Icing by John Marino.
11:24 of 3rd period - Artturi Lehkonen wins face-off versus Austin Czarnik in COLUMBUS Blue Jackets zone.
11:24 of 3rd period - John Marino is hit by Vincent Hinostroza and loses puck.
12:04 of 3rd period - Shot by Austin Czarnik.
12:04 of 3rd period - Deflect By Vincent Hinostroza.
12:04 of 3rd period - Shot Misses the Net.
12:19 of 3rd period - Colin Blackwell is hit by Vincent Hinostroza and loses puck.
12:43 of 3rd period - Minor Penalty to Pierre-luc Dubois for Cross-checking.
12:44 of 3rd period - T.J. Oshie wins face-off versus Yan Gourde in COLUMBUS Blue Jackets zone.
13:16 of 3rd period - Shot by Tomas Tatar.
13:16 of 3rd period - Shot Misses the Net.
13:18 of 3rd period - Shot by Oscar Klefbom.
13:18 of 3rd period - Shot Blocked by Carson Soucy.
13:58 of 3rd period - John Marino is hit by Pavel Buchnevich.
14:16 of 3rd period - Nick Paul is hit by Charlie Coyle.
14:19 of 3rd period - Off-side.
14:20 of 3rd period - Yan Gourde wins face-off versus Charlie Coyle in neutral zone.
15:11 of 3rd period - Zach Parise is hit by Will Borgen.
15:41 of 3rd period - Pierre-luc Dubois is hit by Charlie Coyle and loses puck.
16:30 of 3rd period - Shot by T.J. Oshie.
16:30 of 3rd period - Shot Misses the Net.
16:49 of 3rd period - Shot by Austin Czarnik.
16:49 of 3rd period - Stopped by Vitek Vanecek without a rebound.
16:50 of 3rd period - Yan Gourde wins face-off versus Austin Czarnik in COLUMBUS Blue Jackets zone.
17:00 of 3rd period - Minor Penalty to Yan Gourde for Tripping.
17:01 of 3rd period - Sven Baertschi wins face-off versus Austin Czarnik in COLUMBUS Blue Jackets zone.
17:12 of 3rd period - Shot by Adam Fox.
17:12 of 3rd period - Deflect By Vincent Hinostroza.
17:12 of 3rd period - Stopped by Vitek Vanecek without a rebound.
17:13 of 3rd period - Austin Czarnik wins face-off versus Sven Baertschi in COLUMBUS Blue Jackets zone.
17:16 of 3rd period - Shot by Brandon Montour.
17:16 of 3rd period - Stopped by Vitek Vanecek without a rebound.
17:17 of 3rd period - Sven Baertschi wins face-off versus Austin Czarnik in COLUMBUS Blue Jackets zone.
17:32 of 3rd period - Shot by Adam Fox.
17:32 of 3rd period - Shot Misses the Net.
17:34 of 3rd period - Shot by Tj Brodie.
17:34 of 3rd period - Deflect By Vincent Hinostroza.
17:34 of 3rd period - Shot Misses the Net.
17:36 of 3rd period - Shot by Pavel Buchnevich.
17:36 of 3rd period - Shot Misses the Net.
17:38 of 3rd period - Shot by Adam Fox.
17:38 of 3rd period - Shot Misses the Net.
17:40 of 3rd period - Shot by Tj Brodie.
17:40 of 3rd period - Stopped by Vitek Vanecek without a rebound.
17:41 of 3rd period - T.J. Oshie wins face-off versus Sven Baertschi in COLUMBUS Blue Jackets zone.
17:44 of 3rd period - Shot by Oscar Klefbom.
17:44 of 3rd period - Shot Misses the Net.
17:46 of 3rd period - Shot by Charlie Coyle.
17:46 of 3rd period - Shot Misses the Net.
17:48 of 3rd period - Shot by Oscar Klefbom.
17:48 of 3rd period - Stopped by Vitek Vanecek without a rebound.
17:49 of 3rd period - Sven Baertschi wins face-off versus T.J. Oshie in COLUMBUS Blue Jackets zone.
17:49 of 3rd period - Sven Baertschi is hit by T.J. Oshie.
18:06 of 3rd period - Brandon Montour is hit by John Marino and loses puck.
18:13 of 3rd period - Shot by Oscar Klefbom.
18:13 of 3rd period - Stopped by Vitek Vanecek without a rebound.
18:14 of 3rd period - Austin Czarnik wins face-off versus Sven Baertschi in COLUMBUS Blue Jackets zone.
18:14 of 3rd period - Austin Czarnik is hit by Carson Soucy.
18:32 of 3rd period - Shot by Adam Fox.
18:32 of 3rd period - Deflect By Pavel Buchnevich.
18:32 of 3rd period - Stopped by Vitek Vanecek without a rebound.
18:33 of 3rd period - Sven Baertschi wins face-off versus T.J. Oshie in COLUMBUS Blue Jackets zone.
18:33 of 3rd period - Sven Baertschi is hit by T.J. Oshie.
18:59 of 3rd period - Shot by Oscar Klefbom.
18:59 of 3rd period - Shot Misses the Net.
19:01 of 3rd period - Shot by Austin Czarnik.
19:01 of 3rd period - Stopped by Vitek Vanecek without a rebound.
19:02 of 3rd period - Austin Czarnik wins face-off versus Pierre-luc Dubois in COLUMBUS Blue Jackets zone.
19:21 of 3rd period - Adam Fox is hit by Pierre-luc Dubois and loses puck.
19:32 of 3rd period - Shot by Tyler Johnson.
19:32 of 3rd period - Stopped by Stuart Skinner with a rebound.
19:34 of 3rd period - Shot by Pierre-luc Dubois.
19:34 of 3rd period - Stopped by Stuart Skinner without a rebound.
19:35 of 3rd period - Charlie Coyle wins face-off versus Bo Horvat in PHILADELPHIA Flyers zone.
Goals for this period are 2 for COLUMBUS Blue Jackets vs 0 for PHILADELPHIA Flyers.
Shots for this period are 9 for COLUMBUS Blue Jackets vs 11 for PHILADELPHIA Flyers.